AoeStats
← FedeSanta

Black Forest

509582414Analyzed
3v3 RM · 4d ago on Sep 27, 2026· 87m 39s· 6 players
Game mode
Random Map
Map size
Normal (6 player)
Population
200
Speed
Normal
Resources
Standard
Victory
Conquest
Starting age
Dark Age
Ending age
Imperial Age
RankedLock teamsTeams togetherTeam positionsShared explorationLock speedFull tech treeHidden civsTurbo modeCheats
Victory
Defeat
🇮🇹 Lithuanians · Italy
508
+16
🇵🇱 Mongols · Poland
437
+19
🇳🇴 Sicilians · Norway
421
+19
🇨🇾 Gurjaras · Cyprus
584
-21
🇨🇿 Burgundians · Czechia
567
-21
🇻🇳 Italians · Vietnam
339
-12
Varg_1960
0:36 Loom
15:06 Feudal Age
15:35 Town Watch
21:41 Man-at-Arms
27:28 Castle Age
34:23 Pikeman
42:10 Squires
48:52 Long Swordsman
50:17 Double-Bit Axe
53:59 Gold Mining
54:15 Fletching
54:32 Scale Barding Armor
56:42 Bow Saw
57:54 Forging
62:48 Bloodlines
62:41 Husbandry
65:28 Wheelbarrow
65:12 Scale Mail Armor
65:16 Padded Archer Armor
72:08 Imperial Age
72:12 Halberdier
74:55 Two-Handed Swordsman
76:49 Champion
81:11 Horse Collar
81:57 Hand Cart
81:44 Stone Mining
82:38 Gold Shaft Mining
82:29 Chain Mail Armor
83:12 Iron Casting
82:55 Leather Archer Armor
83:40 Heavy Plow
87:34 Plate Mail Armor
88:06 Blast Furnace
87:31 Chain Barding Armor
87:08 Bodkin Arrow
FedeSanta
0:36 Loom
16:50 Feudal Age
18:22 Wheelbarrow
17:39 Gold Mining
17:39 Double-Bit Axe
17:48 Arson
17:27 Man-at-Arms
19:59 Stone Mining
19:52 Horse Collar
25:09 Castle Age
26:24 Bow Saw
27:34 Squires
28:25 Hand Cart
28:23 Caravan
30:31 Heated Shot
31:29 Masonry
31:43 Long Swordsman
31:44 Pikeman
33:06 Fortified Wall
32:55 Murder Holes
33:03 Scale Mail Armor
34:03 Stone Shaft Mining
34:53 Fishing Lines
36:18 Coinage
38:26 Imperial Age
36:04 Scale Barding Armor
36:30 Husbandry
37:44 Ballistics
37:05 Treadmill Crane
37:44 Chain Mail Armor
37:40 Forging
37:51 Chain Barding Armor
39:38 Conscription
40:03 Architecture
40:36 Chemistry
40:40 Tower Shields
41:40 Banking
41:11 Elite Leitis
42:58 Guilds
44:16 Two-Man Saw
43:20 Heavy Plow
44:21 Two-Handed Swordsman
46:58 Crop Rotation
46:05 Onager
47:52 Hoardings
50:35 Champion
53:59 Halberdier
60:25 Plate Barding Armor
60:27 Iron Casting
cartofel22
0:28 Loom
0:28 Loom
13:32 Feudal Age
14:45 Horse Collar
14:55 Double-Bit Axe
16:00 Fishing Lines
21:53 Castle Age
22:45 Gillnets
28:58 Caravan
29:30 Coinage
36:03 Imperial Age
34:29 Pikeman
35:11 Squires
35:47 Nomads
36:05 Forging
35:46 Fletching
35:57 Scale Mail Armor
36:02 Scale Barding Armor
35:58 Padded Archer Armor
37:54 Chemistry
37:00 Siege Engineers
37:17 Ballistics
37:36 Elite Mangudai
40:33 Wheelbarrow
40:37 Iron Casting
40:35 Parthian Tactics
40:19 Thumb Ring
40:30 Fortified Wall
40:19 Murder Holes
40:50 Onager
43:03 Hand Cart
42:35 Town Watch
43:06 Masonry
42:47 Guard Tower
43:50 Drill
44:07 Hoardings
45:07 Blast Furnace
43:43 Elite Skirmisher
44:21 Bodkin Arrow
46:36 Conscription
45:47 Sappers
46:27 Capped Ram
47:24 Stone Mining
47:25 Gold Mining
47:39 Heavy Plow
48:21 Banking
48:31 Siege Onager
48:33 Siege Ram
49:51 Bracer
51:25 Arson
52:05 Leather Archer Armor
52:06 Chain Mail Armor
53:45 Heavy Cavalry Archer
53:47 Crossbowman
55:03 Plate Mail Armor
54:11 Heavy Scorpion
56:19 Chain Barding Armor
61:07 Gold Shaft Mining
61:08 Stone Shaft Mining
60:47 Bow Saw
63:36 Husbandry
63:47 Bloodlines
63:01 Heavy Camel Rider
75:53 Fervor
76:05 Heresy
82:55 Elite Steppe Lancer
82:57 Cavalier
82:58 Light Cavalry
84:33 Man-at-Arms
87:25 Siphons
87:41 Shipwright
87:32 Clinker Construction
87:32 Careening
86:51 Arbalester
86:55 Hussar
86:58 Long Swordsman
DoneHealer17475
1:10 Loom
14:22 Feudal Age
15:43 Wheelbarrow
14:54 Town Watch
16:16 Horse Collar
16:26 Double-Bit Axe
22:38 Gold Mining
29:12 Castle Age
27:05 Stone Mining
29:12 Bloodlines
30:14 Hand Cart
30:42 Gold Shaft Mining
36:53 Bow Saw
37:03 Heavy Plow
38:00 Husbandry
40:54 Masonry
40:35 Guard Tower
41:06 Ballistics
41:15 Thumb Ring
40:49 Crossbowman
46:57 Imperial Age
45:55 Caravan
46:26 Coinage
46:49 Scale Barding Armor
46:45 Scale Mail Armor
46:45 Padded Archer Armor
46:36 Fletching
46:57 Forging
46:14 Light Cavalry
48:26 Siege Elephant
48:43 Heavy Camel Rider
51:40 Arson
56:58 Elite Chakram Thrower
61:09 Hoardings
60:56 Conscription
62:40 Banking
62:10 Heavy Scorpion
62:47 Elite Shrivamsha Rider
71:15 Town Patrol
71:43 Elite Elephant Archer
DapperPepper177
1:00 Loom
1:54 Wheelbarrow
14:52 Horse Collar
16:22 Double-Bit Axe
21:47 Feudal Age
20:14 Stone Mining
20:20 Gold Mining
22:59 Town Watch
23:30 Hand Cart
27:01 Castle Age
26:58 Forging
27:49 Elite Skirmisher
28:33 Squires
27:54 Pikeman
28:41 Squires
28:03 Cavalier
28:45 Husbandry
29:12 Fletching
30:11 Scale Mail Armor
30:42 Scale Barding Armor
31:42 Bow Saw
32:15 Heavy Plow
32:44 Murder Holes
34:44 Two-Man Saw
34:28 Ballistics
36:25 Masonry
36:53 Iron Casting
36:13 Bodkin Arrow
36:18 Padded Archer Armor
41:28 Imperial Age
39:52 Chain Mail Armor
41:21 Town Patrol
43:17 Blast Furnace
43:07 Conscription
44:44 Hoardings
45:32 Burgundian Vineyards
51:22 Paladin
52:42 Plate Mail Armor
52:28 Leather Archer Armor
52:34 Chain Barding Armor
56:47 Plate Barding Armor
56:13 Bracer
57:06 Halberdier
61:01 Crop Rotation
82:32 Light Cavalry
Trung8716
10:53 Feudal Age
12:48 Wheelbarrow
13:20 Double-Bit Axe
23:39 Castle Age
23:15 Stone Mining
23:35 Horse Collar
25:29 Bow Saw
28:00 Hand Cart
29:43 Heavy Plow
32:57 Gold Mining
35:47 Imperial Age
34:15 Scale Mail Armor
37:30 Stone Shaft Mining
40:36 Squires
40:22 Arson
42:21 Chain Mail Armor
43:30 Crop Rotation
43:37 Plate Mail Armor
43:21 Forging
44:26 Chemistry
47:42 Two-Man Saw
48:02 Town Watch
48:06 Loom
61:19 Conscription
Connection lost

Rejoining the realm…

Still unreachable

The connection could not be restored.

Session expired

The server has moved on; the page needs a fresh start.